 Dungeon Crawl Stone Soup version 0.22-a0-247-gbddf880757 (webtiles) character file.

238549 Peterchen the Axe Maniac (level 19, -1/170 HPs)
             Began as a Minotaur Berserker on Feb 25, 2018.
             Was a High Priest of Trog.
             Shot with an arrow by a deep elf master archer (8 damage)
             ... on level 3 of the Elven Halls.
             The game lasted 02:11:53 (37941 turns).

Peterchen the Axe Maniac (Minotaur Berserker)      Turns: 37941, Time: 02:11:54

Health: -1/170     AC: 32    Str: 33    XL:     19   Next: 0%
Magic:  13/13      EV: 10    Int: 13    God:    Trog [*****.]
Gold:   222        SH:  0    Dex: 14    Spells: 21/21 levels left

rFire    . . .     SeeInvis +   R - +8 executioner's axe (antimagic)
rCold    + . .     Gourm    +   (shield currently unavailable)
rNeg     + . .     Faith    .   o - +0 plate armour
rPois    +         Spirit   .   i - +3 hat of Pondering {ponderous, MR+ MP+10 Int+5}
rElec    .         Reflect  .   H - +2 cloak {MR+}
rCorr    +         Harm     .   W - +2 pair of gloves {Dex+3}
MR       +++..                  N - +0 pair of boots "Caoxkuc" {+Fly rPois rC+ SInv}
Stlth    ..........             r - amulet "Hameusira" {Gourm rN+ MP+9 Slay+4}
HPRegen  0.38/turn              A - ring of Hun Hasu {Wiz Slay+3}
MPRegen  0.13/turn              D - ring of Pantheism {rCorr +Fly rPois Str+4 Int+4}

@: lethally poisoned (-1 -> -3), about to teleport, berserk cooldown, very
slightly contaminated, slowed, drained, very slow
A: retaliatory headbutt, horns 2
}: 1/15 runes: decaying
a: Berserk, Trog's Hand, Brothers in Arms, Renounce Religion, Evoke Flight


You were on level 3 of the Elven Halls.
You worshipped Trog.
Trog was extremely pleased with you.
You were very full.

You visited 5 branches of the dungeon, and saw 30 of its levels.
You also visited: Sewer, Bailey and Ice Cave.

You collected 3097 gold pieces.
You spent 2875 gold pieces at shops.

Inventory:

Hand Weapons
 F - the +8 broad axe "Grim" {chop, Int+3}
   (You found it on level 6 of the Lair of Beasts)

   It inflicts extra damage upon your enemies.
   It affects your intelligence (+3).
 R - a +8 antimagic executioner's axe (weapon)
Missiles
 y - 38 tomahawks (quivered)
 I - 12 javelins
Armour
 i - the +3 hat of Pondering (worn) {ponderous, MR+ MP+10 Int+5}
   (You took it off Gastronok on level 11 of the Dungeon)

   It affects your intelligence (+5).
   It affects your resistance to hostile enchantments.
   It affects your magic capacity (+10).
 o - a +0 plate armour (worn)
 H - a +2 cloak of magic resistance (worn)
 N - the +0 pair of boots "Caoxkuc" (worn) {+Fly rPois rC+ SInv}
   (You found it on level 12 of the Dungeon)

   It protects you from cold.
   It protects you from poison.
   It lets you see invisible.
   It lets you fly.
 W - a +2 pair of gloves of dexterity (worn)
Jewellery
 r - the amulet "Hameusira" (around neck) {Gourm rN+ MP+9 Slay+4}
   (You found it on level 5 of the Dungeon)

   [amulet of the gourmand]

   It allows you to eat raw meat even when not hungry.
   It affects your accuracy and damage with ranged weapons and melee attacks
   (+4).
   It protects you from negative energy.
   It affects your magic capacity (+9).
 A - the ring of Hun Hasu (left hand) {Wiz Slay+3}
   (You found it on level 6 of the Dungeon)

   [ring of wizardry]

   It improves your spell success rate.
   It affects your accuracy and damage with ranged weapons and melee attacks
   (+3).
 D - the ring of Pantheism (right hand) {rCorr +Fly rPois Str+4 Int+4}
   (You bought it in a shop on level 2 of the Orcish Mines)

   [ring of resist corrosion]

   It affects your strength (+4).
   It affects your intelligence (+4).
   It protects you from poison.
   It lets you fly.
Wands
 k - a wand of polymorph (34)
 n - a wand of digging (29)
 v - a wand of acid (6)
 B - a wand of enslavement (20)
 C - a wand of flame (49)
 M - a wand of random effects (13)
 T - a wand of clouds (4)
 U - a wand of iceblast (17)
 Y - a wand of paralysis (7)
Scrolls
 h - 14 scrolls of remove curse
 l - 15 scrolls of teleportation
 m - a scroll of vulnerability
 s - a scroll of enchant armour
 u - 4 scrolls of fear
 z - 5 scrolls of immolation
 E - 2 scrolls of identify
 J - a scroll of holy word
 K - 2 scrolls of fog
 L - 6 scrolls of magic mapping
 V - a scroll of summoning
Potions
 a - 2 potions of berserk rage
 b - 6 potions of might
 d - 23 potions of curing
 e - 3 potions of haste
 g - a potion of resistance
 j - a potion of ambrosia
 p - 2 potions of magic
 q - 3 potions of heal wounds
 x - 4 potions of mutation
 Q - 4 potions of brilliance
 S - 4 potions of agility
 X - a potion of lignification
Miscellaneous
 f - a phial of floods
Comestibles
 c - 49 rations


   Skills:
 - Level 15.1(14.8) Fighting
 O Level 27(26.6) Axes
 * Level 21.6(21.3) Armour
 - Level 2.1(2.0) Dodging
 - Level 1.9(1.7) Spellcasting


You had 21 spell levels left.
You didn't know any spells.

Dungeon Overview and Level Annotations

Branches:
Dungeon (15/15)            Temple (0/1) D:4            Lair (6/6) D:11
  Swamp (4/4) Lair:4       Spider (0/4) Lair:2        Slime (0/5) Lair:6
    Orc (2/2) D:11            Elf (3/3) Orc:2        Vaults (0/5) D:13
 Depths (0/5) D:15

Altars:
Ashenzari
Cheibriados
Dithmenos
Hepliaklqana
Kikubaaqudgha
Makhleb
Nemelex Xobeh
Okawaru
Qazlal
Sif Muna
Uskayaw
Vehumet
Xom
Zin
Beogh
Jiyva

Shops:
D:5 (!!=?   D:6 :   D:8 ?%   D:9 [   Orc:2 (=!*[   Elf:1 :![[   Elf:2 [=!:*


Innate Abilities, Weirdness & Mutations

You reflexively headbutt those who attack you in melee.
You have a pair of horns on your head.


Message History

You partially resist.
* * * LOW HITPOINT WARNING * * *
The deep elf master archer shoots an arrow.
The arrow closely misses you.
The deep elf death mage hits you but does no damage.
Okay, then.
As you read the scroll of teleportation, it crumbles to dust.
You feel strangely unstable.
You feel sick.
The deep elf annihilator points at you and mumbles some strange words.
The bolt of lightning hits you!
* * * LOW HITPOINT WARNING * * *
The deep elf master archer shoots an arrow.
The arrow hits you!
* * * LOW HITPOINT WARNING * * *
The deep elf death mage hits you but does no damage.
The deep elf annihilator gestures wildly while chanting.
The deep elf annihilator blinks!
The deep elf master archer shoots an arrow.
The arrow hits you!
You die...

#########e#.########
.......)...........#..#
............e......+..#
.............§.....#e.#
............§......#..#
..............).......#
.............e..e.)...#
###############eee....#
........@)....#
.........(....#
........(.....#
#######+####..# ....
#..# .... #..# ....
#..# #...#..# #...#..#


You could see a deep elf master archer, 3 deep elf annihilators, a deep elf
death mage and 2 deep elf demonologists.

Vanquished Creatures
  Rupert (D:14)
  An acid blob (Lair:6)
  2 deep elf blademasters
  Gastronok (D:11)
  The ghost of Xeen the Imperceptible, an adept SpEn of Dithmenos (Swamp:4)
  2 thorn hunters
  Donald (Swamp:3)
  4 deep elf sorcerers
  3 deep elf elementalists (Elf:3)
  The ghost of MirrMurr the Spry, an adept SpBe of Trog (Swamp:3)
  Nessos (Lair:5)
  A deep elf annihilator (Elf:1)
  A deep elf demonologist (Elf:1)
  2 blizzard demons (IceCv)
  5 deep elf death magi
  24 hydras
  A deep elf high priest (Elf:3)
  2 vault guards (D:13)
  A centaur warrior (D:14)
  3 ghost crabs
  3 catoblepae
  6 two-headed ogres
  15 dancing weapons
  8 alligators
  4 death yaks (Lair:6)
  Urug (D:12)
  3 orc high priests (Orc:2)
  15 deep elf knights
  The ghost of Peterchen the Cleaver, a novice MiBe of Trog (D:7)
  A golden dragon zombie (D:15)
  A spark wasp zombie (D:15)
  2 skeletal warriors (D:15)
  2 shambling mangroves
  3 unseen horrors
  10 deep elf archers
  2 wizards
  6 swamp dragons
  A necromancer (D:15)
  A phantasmal warrior (D:15)
  2 lindwurms
  7 orc knights
  An orb spider (Lair:2)
  A golden dragon skeleton (D:15)
  50 deep elf magi
  4 orc sorcerers
  9 ugly things
  2 wolf spiders
  4 cyclopes
  A manticore (D:12)
  14 elephants
  A guardian serpent (Lair:6)
  9 black mambas
  4 orange demons (D:10)
  20 spiny frogs
  A yaktaur zombie (D:15)
  3 rime drakes
  A torpor snail (Lair:6)
  A rime drake (shapeshifter) (Elf:3)
  4 komodo dragons
  2 kobold demonologists
  A small abomination (Elf:3)
  An anaconda simulacrum (IceCv)
  A tengu conjurer (D:14)
  4 freezing wraiths (IceCv)
  3 red devils (D:10)
  5 ice devils (IceCv)
  A golden dragon simulacrum (IceCv)
  2 trolls (D:13)
  10 polar bears
  A troll (shapeshifter) (Elf:1)
  5 hornets
  A raiju (Lair:6)
  14 slime creatures
  A harpy skeleton (D:13)
  5 tyrant leeches
  4 bog bodies
  29 blink frogs
  A dream sheep (D:8)
  7 hippogriffs
  4 redbacks (Lair:6)
  Sigmund (D:5)
  3 water elementals
  2 spriggans
  4 dire elephant simulacra (IceCv)
  A shadow (Swamp:3)
  Eustachio (D:6)
  11 wyverns
  41 yaks
  6 basilisks
  A steam dragon (Lair:3)
  5 hungry ghosts
  13 vampire mosquitoes
  Menkaure (D:7)
  8 wargs
  2 iron troll simulacra (IceCv)
  28 swamp worms
  6 harpy simulacra (IceCv)
  10 insubstantial wisps
  2 acid dragons
  22 water moccasins
  4 hydra simulacra (IceCv)
  11 porcupines
  14 hell hounds (Lair:6)
  17 swamp drakes
  12 black bears
  31 orc warriors
  6 ice beasts
  An ettin simulacrum (IceCv)
  A necrophage (D:5)
  5 sky beasts
  A phantom (D:10)
  A boggart (Elf:1)
  37 wolves
  11 ogres
  7 centaurs
  10 crocodiles
  4 big kobolds
  17 bullfrogs
  A wyvern skeleton (D:14)
  A scorpion (D:6)
  13 killer bees
  A howler monkey (D:7)
  3 electric eels
  6 wights
  5 crimson imps
  3 draconian simulacra (IceCv)
  A bullfrog zombie (D:5)
  3 centaur zombies
  3 hounds
  A quasit (D:9)
  A bullfrog skeleton (D:6)
  16 orc priests
  3 jellies
  A gnoll shaman (D:4)
  4 iguanas
  5 hell rats (Lair:6)
  24 orc wizards
  2 troll simulacra (IceCv)
  11 worker ants
  A spriggan simulacrum (IceCv)
  2 centaur simulacra (IceCv)
  A hound zombie (D:8)
  2 hound skeletons
  A howler monkey zombie (D:7)
  14 adders
  4 gnolls (D:4)
  2 howler monkey skeletons
  5 naga simulacra (IceCv)
  A river rat (D:4)
  2 ogre simulacra (IceCv)
  2 shadow imps
  7 white imps
  5 ufetubi (IceCv)
  An ooze (D:3)
  4 adder skeletons
  3 worms
  3 dart slugs
  8 leopard geckos
  82 orcs
  2 bat zombies (D:9)
  8 giant cockroaches
  9 goblins
  5 hobgoblins (D:1)
  8 jackals
  6 quokkas
  5 bats
  4 frilled lizards
  A jackal skeleton (D:5)
  19 kobolds
  15 rats
  2 rat zombies (D:9)
  4 briar patches (Swamp:3)
  6 fungi
  4 plants
1098 creatures vanquished.

Vanquished Creatures (collateral kills)
  Jorgrun (Elf:2)
  A fire dragon (shapeshifter) (D:15)
  5 hydras (Swamp:4)
  2 vault guards (D:13)
  3 dancing weapons (Elf:2)
  A deep elf knight (Elf:2)
  A swamp dragon (Swamp:4)
  A cyclops (D:14)
  A deep elf mage (Elf:2)
  3 ugly things
  An ice statue (IceCv)
  A freezing wraith (IceCv)
  2 ice devils (IceCv)
  A yak (D:13)
  A wraith (D:14)
  2 orc warriors
  3 centaurs (Bailey)
  A big kobold (D:13)
  A quasit (D:13)
  An orc wizard (Orc:2)
  12 orcs
  3 kobolds (D:14)
48 creatures vanquished.

Vanquished Creatures (others)
  4 dream sheep (D:8)
  A blink frog (Lair:5)
  A vampire mosquito (Swamp:3)
  2 centaurs (Bailey)
  An orc wizard (D:12)
  A briar patch (Swamp:3)
  11 fungi
  14 plants
  2 withered plants (D:15)
37 creatures vanquished.

Grand Total: 1183 creatures vanquished

Notes
Turn   | Place    | Note
-------+----------+-------------------------------------------
     0 | D:1      | Peterchen the Minotaur Berserker began the quest for the Orb.
     0 | D:1      | Reached XP level 1. HP: 19/19 MP: 0/0
     6 | D:1      | Noticed a merfolk zombie
    14 | D:1      | Noticed a merfolk zombie
    14 | D:1      | Noticed a dwarf
    19 | D:1      | Noticed a vampire
    76 | D:1      | Found a sparkling altar of Nemelex Xobeh.
    81 | D:1      | Reached skill level 4 in Axes
   109 | D:1      | Reached XP level 2. HP: 25/26 MP: 1/1
   611 | D:2      | Reached skill level 5 in Axes
   632 | D:2      | Found a hide-covered altar of Uskayaw.
   653 | D:2      | Reached ** piety under Trog
   787 | D:2      | Reached XP level 3. HP: 30/31 MP: 2/2
  1428 | D:3      | Reached skill level 6 in Axes
  1428 | D:3      | Reached XP level 4. HP: 35/39 MP: 3/3
  1603 | D:3      | Found a stormy altar of Qazlal.
  2022 | D:4      | Reached XP level 5. HP: 26/45 MP: 4/4
  2031 | D:4      | Found a glowing drain.
  2039 | D:4      | Reached skill level 7 in Axes
  2157 | Sewer    | Entered a sewer
  2248 | Sewer    | Found a white marble altar of Elyvilon.
  2628 | D:4      | Found an iron altar of Okawaru.
  2712 | D:4      | Reached *** piety under Trog
  2719 | D:4      | Reached skill level 8 in Axes
  2721 | D:4      | Reached XP level 6. HP: 30/51 MP: 5/5
  2988 | D:4      | Found a staircase to the Ecumenical Temple.
  3014 | D:4      | Reached skill level 9 in Axes
  3077 | D:4      | Found an iron altar of Okawaru.
  3582 | D:5      | Entered Level 5 of the Dungeon
  3645 | D:5      | Found Wiuphacvig's Jewellery Shoppe.
  3674 | D:5      | Noticed a sky beast
  3674 | D:5      | Noticed an ice beast
  3679 | D:5      | Reached XP level 7. HP: 57/57 MP: 6/6
  3680 | D:5      | Noticed a vampire mosquito
  3682 | D:5      | Reached skill level 10 in Axes
  3683 | D:5      | Noticed a wyvern
  3684 | D:5      | Killed a vampire mosquito
  3687 | D:5      | Reached skill level 11 in Axes
  3694 | D:5      | Found Dymm's Distillery.
  3694 | D:5      | Found Plog's Distillery.
  3694 | D:5      | Noticed Sigmund
  3749 | D:5      | Killed Sigmund
  3749 | D:5      | Reached XP level 8. HP: 64/64 MP: 7/7
  3757 | D:5      | Bought a potion of heal wounds for 60 gold pieces
  3757 | D:5      | Bought a potion of heal wounds for 60 gold pieces
  3757 | D:5      | Bought a potion of heal wounds for 60 gold pieces
  3794 | D:5      | Found a glowing silver altar of Zin.
  3839 | D:5      | Found Kusucvat's Antique Weapon Emporium.
  3916 | D:5      | Reached skill level 12 in Axes
  4144 | D:5      | Got a slimy crystal amulet
  4163 | D:5      | Identified the amulet "Hameusira" {Gourm rN+ MP+9 Slay+4} (You found it on level 5 of the Dungeon)
  4166 | D:5      | Found Uruluwn's Magic Scroll Emporium.
  4186 | D:5      | Bought a scroll of blinking for 75 gold pieces
  4186 | D:5      | Bought a scroll of identify for 20 gold pieces
  4186 | D:5      | Bought a scroll of identify for 20 gold pieces
  4186 | D:5      | Bought a scroll of identify for 20 gold pieces
  4186 | D:5      | Bought a scroll of identify for 20 gold pieces
  4547 | D:6      | Reached skill level 13 in Axes
  4561 | D:6      | Found Kautsit's Book Shoppe.
  4595 | D:6      | Reached **** piety under Trog
  4653 | D:6      | Got a smoking glass ring
  4654 | D:6      | Identified the ring of Hun Hasu {Wiz Slay+3} (You found it on level 6 of the Dungeon)
  4804 | D:6      | Noticed Eustachio
  4811 | D:6      | Killed Eustachio
  4811 | D:6      | Reached XP level 9. HP: 61/69 MP: 8/8
  4826 | D:6      | Reached skill level 14 in Axes
  4865 | D:6      | Found a shadowy altar of Dithmenos.
  5330 | D:7      | Reached skill level 15 in Axes
  5344 | D:7      | Noticed Peterchen's ghost (novice MiBe)
  5350 | D:7      | Killed Peterchen's ghost
  5355 | D:7      | Noticed Menkaure
  5365 | D:7      | Killed Menkaure
  5365 | D:7      | Reached skill level 16 in Axes
  5381 | D:7      | Found a hazy altar of Hepliaklqana.
  5681 | D:7      | Reached XP level 10. HP: 73/76 MP: 9/9
  5779 | D:7      | Found a shadowy altar of Dithmenos.
  5918 | D:8      | Found Xonnuwot's Food Shop.
  5950 | D:8      | Reached ***** piety under Trog
  6014 | D:8      | Found a radiant altar of Vehumet.
  6084 | D:8      | Found an iron altar of Okawaru.
  6139 | D:8      | Found a flagged portal.
  6151 | Bailey   | Entered a bailey
  6308 | Bailey   | Reached skill level 17 in Axes
  7537 | D:8      | Reached skill level 18 in Axes
  7542 | D:8      | Found Agiotipe's Magic Scroll Shoppe.
  7582 | D:8      | Noticed a two-headed ogre
  7587 | D:8      | Killed a two-headed ogre
  7615 | D:8      | Found a shimmering altar of Xom.
  7716 | D:8      | Found a shattered altar of Ashenzari.
  8066 | D:9      | Reached XP level 11. HP: 60/81 MP: 10/10
  8080 | D:9      | Found a snail-covered altar of Cheibriados.
  8201 | D:9      | Found Lagonel's Antique Armour Boutique.
  8353 | D:9      | Found an ancient bone altar of Kikubaaqudgha.
  8523 | D:9      | Noticed a two-headed ogre
  8526 | D:9      | Found a burning altar of Makhleb.
  8529 | D:9      | Killed a two-headed ogre
  8529 | D:9      | Reached skill level 19 in Axes
  8631 | D:9      | Noticed a two-headed ogre
  8637 | D:9      | Killed a two-headed ogre
  8940 | D:10     | Entered Level 10 of the Dungeon
  8968 | D:10     | Killed an unseen horror
  9253 | D:10     | Received a gift from Trog
  9605 | D:10     | Reached skill level 20 in Axes
 10704 | D:11     | Found a staircase to the Lair.
 10733 | D:11     | Noticed Gastronok
 10868 | D:11     | Killed Gastronok
 10868 | D:11     | Reached skill level 21 in Axes
 10868 | D:11     | Reached XP level 12. HP: 40/90 MP: 11/11
 11414 | D:11     | Found a staircase to the Orcish Mines.
 11788 | D:12     | Got a pair of spiked boots
 11799 | D:12     | Identified the cursed +0 pair of boots "Caoxkuc" {+Fly rPois rC+ SInv} (You found it on level 12 of the Dungeon)
 11827 | D:12     | Found a deep blue altar of Sif Muna.
 12051 | D:12     | Noticed Urug
 12059 | D:12     | Killed Urug
 12770 | D:12     | Reached skill level 22 in Axes
 12937 | D:13     | Received a gift from Trog
 13271 | D:13     | Found a gate to the Vaults.
 13271 | D:13     | Noticed a vault guard
 13271 | D:13     | Noticed a vault guard
 13271 | D:13     | Noticed a vault guard
 13272 | D:13     | Noticed a vault guard
 13274 | D:13     | Killed a vault guard
 13278 | D:13     | Killed a vault guard
 13284 | D:13     | Killed a vault guard
 13288 | D:13     | Killed a vault guard
 13564 | D:13     | Reached skill level 23 in Axes
 14259 | D:14     | Reached XP level 13. HP: 85/95 MP: 12/12
 14356 | D:14     | Noticed Rupert
 14367 | D:14     | Killed Rupert
 14739 | D:14     | You fall through a shaft!
 14739 | D:15     | Entered Level 15 of the Dungeon
 15067 | D:15     | Reached skill level 24 in Axes
 15113 | D:15     | Found a staircase to the Depths.
 16341 | D:15     | Reached skill level 25 in Axes
 16425 | D:15     | Noticed an ettin
 16427 | D:15     | Noticed a fire dragon
 16427 | D:15     | an ettin changed into a fire dragon
 16437 | D:15     | Killed a fire dragon
 16949 | D:5      | Bought a scroll of enchant weapon for 75 gold pieces
 17324 | Orc:1    | Entered Level 1 of the Orcish Mines
 17994 | Orc:1    | Received a gift from Trog
 18128 | Orc:1    | Found a roughly hewn altar of Beogh.
 18205 | Orc:2    | Entered Level 2 of the Orcish Mines
 18235 | Orc:2    | Reached XP level 14. HP: 41/102 MP: 10/13
 18508 | Orc:2    | Found a labyrinth entrance.
 18637 | Orc:2    | Found Toikh's Weapon Shoppe.
 18763 | Orc:2    | Found a staircase to the Elven Halls.
 19081 | Orc:2    | Found Kuos's Assorted Antiques.
 19081 | Orc:2    | Found Lunnox's Armour Shoppe.
 19284 | Orc:2    | Found Naowo's Jewellery Shop.
 19284 | Orc:2    | Found Qaoschesh's Distillery.
 19290 | Orc:2    | Bought a pair of gloves for 148 gold pieces
 19290 | Orc:2    | Bought a scroll of teleportation for 99 gold pieces
 19292 | Orc:2    | Bought the ring of Pantheism {rCorr +Fly rPois Str+4 Int+4} for 751 gold pieces
 19657 | Lair:1   | Entered Level 1 of the Lair of Beasts
 20472 | Lair:1   | Reached skill level 26 in Axes
 21745 | Lair:2   | Found a hole to the Spider Nest.
 22858 | Lair:4   | Received a gift from Trog
 23064 | Lair:4   | Reached skill level 27 in Axes
 23141 | Lair:4   | Found a staircase to the Swamp.
 24188 | Lair:5   | Reached skill level 5 in Fighting
 24419 | Lair:5   | Reached XP level 15. HP: 108/116 MP: 11/14
 24548 | Lair:5   | Noticed Nessos
 24577 | Lair:5   | Killed Nessos
 25163 | Lair:6   | Entered Level 6 of the Lair of Beasts
 25185 | Lair:6   | Found a runed door.
 25482 | Lair:6   | Reached skill level 10 in Fighting
 26296 | Lair:6   | Got an ichor-stained broad axe
 26297 | Lair:6   | Identified the +8 broad axe "Grim" {chop, Int+3} (You found it on level 6 of the Lair of Beasts)
 26397 | Lair:6   | Received a gift from Trog
 27138 | Lair:6   | Noticed an acid blob
 27139 | Lair:6   | Found a viscous altar of Jiyva.
 27139 | Lair:6   | Found a staircase to the Slime Pits.
 27147 | Lair:6   | Killed an acid blob
 27437 | Swamp:1  | Entered Level 1 of the Swamp
 27946 | Swamp:1  | Reached XP level 16. HP: 141/147 MP: 11/15
 28307 | Swamp:2  | Found a frozen archway.
 28317 | IceCv    | Entered an ice cave
 28442 | IceCv    | Reached skill level 15 in Fighting
 28854 | IceCv    | Reached ****** piety under Trog
 28873 | IceCv    | Received a gift from Trog
 28888 | IceCv    | Reached skill level 1 in Spellcasting
 28888 | IceCv    | Reached XP level 17. HP: 148/156 MP: 13/18
 29188 | IceCv    | Reached skill level 10 in Armour
 29409 | IceCv    | Got an ancient amber ring
 29433 | IceCv    | Identified the ring "Neffamm" {rN+ Stlth-} (You found it in an ice cave)
 30265 | Swamp:2  | Got a scorched scale mail
 30276 | Swamp:2  | Identified the cursed +0 scale mail of the Eagle {rPois Regen+ Str-2 Dex+3} (You found it on level 2 of the Swamp)
 30331 | Swamp:2  | Got a smoking chain mail
 30332 | Swamp:2  | Identified the cursed +1 chain mail "Yseaz" {rCorr} (You found it on level 2 of the Swamp)
 30922 | Swamp:3  | Reached skill level 15 in Armour
 31291 | Swamp:3  | Noticed Donald
 31303 | Swamp:3  | Killed Donald
 31457 | Swamp:3  | Noticed MirrMurr's ghost (adept SpBe)
 31461 | Swamp:3  | Killed MirrMurr's ghost
 31864 | Swamp:4  | Entered Level 4 of the Swamp
 31864 | Swamp:4  | Noticed Xeen's ghost (adept SpEn)
 31891 | Swamp:4  | Killed Xeen's ghost
 32091 | Swamp:4  | Received a gift from Trog
 33137 | Swamp:4  | Got a decaying rune of Zot
 33727 | D:5      | Bought a potion of curing for 45 gold pieces
 33727 | D:5      | Bought a potion of curing for 45 gold pieces
 33727 | D:5      | Bought a potion of curing for 45 gold pieces
 33727 | D:5      | Bought a potion of curing for 45 gold pieces
 33727 | D:5      | Bought a potion of curing for 45 gold pieces
 33732 | D:5      | Bought 2 potions of curing for 72 gold pieces
 33732 | D:5      | Bought a potion of resistance for 120 gold pieces
 34041 | D:8      | Bought a scroll of acquirement for 728 gold pieces
 34041 | D:8      | Bought a scroll of teleportation for 42 gold pieces
 34042 | D:8      | Got a steaming zirconium amulet
 34043 | D:8      | Identified the amulet "Opuishy" {Gourm +Fly rC+ Dex+2} (You acquired it on level 8 of the Dungeon)
 34190 | Elf:1    | Entered Level 1 of the Elven Halls
 34349 | Elf:1    | Reached XP level 18. HP: 156/163 MP: 19/19
 34571 | Elf:1    | Found Aqyrew's Armour Emporium.
 34603 | Elf:1    | Found Inu Belu's Antique Armour Emporium.
 34603 | Elf:1    | Found Gumicoun's Distillery.
 34610 | Elf:1    | Found Zomiaxoz's Book Shoppe.
 34635 | Elf:1    | Bought a potion of heal wounds for 80 gold pieces
 34928 | Elf:1    | Received a gift from Trog
 35680 | Elf:2    | Found Weamonis's General Store.
 35715 | Elf:2    | Found Qeuwn's Distillery.
 35726 | Elf:2    | Noticed Jorgrun
 35730 | Elf:2    | Killed Jorgrun
 35734 | Elf:2    | Bought a potion of heal wounds for 100 gold pieces
 35734 | Elf:2    | Bought a potion of heal wounds for 100 gold pieces
 35787 | Elf:2    | Found Zesuikhi's Jewellery Emporium.
 35872 | Elf:2    | Found Abudiat's Book Emporium.
 35962 | Elf:2    | Found a runed gate.
 35962 | Elf:2    | Found a runed gate.
 35963 | Elf:2    | Found a runed gate.
 36092 | Elf:2    | Found Gooso's Armour Shoppe.
 36225 | Elf:2    | Received a gift from Trog
 36988 | Elf:3    | Entered Level 3 of the Elven Halls
 37426 | Elf:3    | Received a gift from Trog
 37879 | Elf:3    | Noticed a Brimstone Fiend
 37907 | Elf:3    | Noticed a Hell Sentinel
 37938 | Elf:3    | Reached XP level 19. HP: 63/170 MP: 13/20
 37941 | Elf:3    | HP: 7/170 [deep elf master archer/arrow (8)]
 37941 | Elf:3    | Shot with an arrow by a deep elf master archer

Vault maps used:
D:1:      shiori_arrival_whats_in_store_for_you,
          nemelex_xobeh_ov_fountains_minmay
D:2:      overflow_temple_1_default, first_ration
D:3:      lemuel_crystal_altar
D:4:      wad_lake_hut, okawaru_ov_weapons_minmay, minmay_temple_entry_junction,
          gup_sewer_entry_bubbles, kennysheep_flooded_box
D:5:      cheibrodos_fzero, lemuel_doored_altar, serial_shops, shop,
          nicolae_shop_window_shopping, shop, kennysheep_little_box, shop_coins,
          grunt_ministairs_13, uniq_sigmund
D:6:      serial_shops, shop, nicolae_sextant, grunt_dithmenos_smoke,
          uniq_eustachio
D:7:      marbit_many_paths, old_standard_altar, uniq_menkaure
D:8:      lemuel_round_altar, nicolae_ashenzari_panopticon,
          kb_xom_exploding_sheep, serial_shops, shop, shop_fountains,
          basic_altar, enter_bailey_3, the_bakery, eino_tiny_chamber,
          serial_bayou_pond_a
D:9:      nicolae_overflow_crystal_walls, nicolae_overflow_hidden_temple,
          lemuel_zombie_altar_kikubaaqudgha, serial_shops, kennysheep_mini
D:10:     minmay_beelzebubs_servants
D:11:     minmay_lair_entry_grove, orc_0_dummy, hangedman_abyss_or_decor_clamps,
          grunt_decor_one_mirror, uniq_gastronok
D:12:     basic_altar, uniq_urug
D:13:     lightli_vaults_fourway_checkpoint
D:14:     uniq_rupert
D:15:     gammafunk_depths_entry_grave, hangedman_glass_teeth
Lair:1:   infiniplex_staircase_pool_2, serial_bayou_shore_a
Lair:2:   nicolae_spider_entry_orb_guardian, grunt_megastairs_4
Lair:4:   swamp_mist_pool
Lair:5:   uniq_nessos
Lair:6:   hangedman_lair_tendril_chambers, hangedman_lair_caniforms_friends,
          slime_altar_2, bobbens_ice_dragon_lair
Swamp:1:  evilmike_swamp_ruin_rubble_1, swamp_pool4, ldierk_geyser
Swamp:2:  portal_ice_cave_entry_pillars_three, evilmike_swamp_ruin_house_5
Swamp:3:  evilmike_swamp_ruin_house_2, uniq_donald
Swamp:4:  swamp, swamp_pool5
Orc:1:    basic_altar
Orc:2:    grunt_orc_tribal_feast, lab_entry_generic, serial_shops, shop
Elf:1:    eino_elf_arrival_customs, hangedman_elf_disciples, minmay_shoptagon
Elf:2:    serial_shops, shop, nicolae_shop_statue_plus, nicolae_shop_crystal,
          shop, nicolae_shop_window_shopping, columned_hall_lemuel, uniq_jorgrun
Elf:3:    minmay_elf_hall_four_x, hangedman_elf_represent
Sewer:    sewer_kobolds
Bailey:   bailey_polearm_flooded_kennysheep, bailey
IceCv:    ice_cave_caverns_01

Skill      XL: |  1  2  3  4  5  6  7  8  9 10 11 12 13 14 15 16 17 18 |
---------------+-------------------------------------------------------+-----
Axes           | 4 5 6 8 9 11 13 16 18 21 23 25 27 | 27.0
Fighting       | 6 14 15 | 15.1
Armour         | 7 17 21 | 21.6
Spellcasting   | 1 |  1.9
Dodging        | |  2.1

Action                   |  1- 3 |  4- 6 |  7- 9 | 10-12 | 13-15 | 16-18 | 19-21 || total
-------------------------+-------+-------+-------+-------+-------+-------+-------++-------
Melee: Hand axe          |    58 |       |       |       |       |       |       ||    58
       Headbutt          |    11 |    19 |    33 |    86 |   160 |   168 |       ||   477
       War axe           |    30 |   134 |   162 |   138 |       |       |       ||   464
       Executioner's axe |       |       |       |   191 |   684 |   179 |       ||  1054
       Battleaxe         |       |       |       |    43 |       |       |       ||    43
       Broad axe         |       |       |       |       |    17 |   531 |       ||   548
Throw: Javelin           |       |       |       |     7 |   122 |     2 |       ||   131
       Tomahawk          |       |       |       |     5 |     5 |    47 |       ||    57
Invok: Berserk           |       |     2 |     3 |    23 |    18 |     7 |       ||    53
       Trog's Hand       |       |       |     1 |     3 |     2 |     3 |       ||     9
       Brothers in Arms  |       |       |       |     3 |    13 |     8 |       ||    24
 Abil: Evoke Flight      |       |       |       |       |       |     2 |       ||     2
Evoke: Wand              |       |       |       |     5 |     1 |       |       ||     6
  Use: Scroll            |     3 |     6 |     9 |     7 |    20 |    16 |     1 ||    62
       Potion            |       |       |       |     1 |     4 |    13 |     1 ||    19
 Stab: Distracted        |       |       |       |     1 |       |       |       ||     1
       Petrified         |       |       |       |       |     1 |       |       ||     1
       Invisible         |       |       |       |       |       |     1 |       ||     1
  Eat: Chunk             |     2 |     8 |    34 |    60 |    61 |    44 |       ||   209
       Ration            |       |       |       |       |       |     1 |       ||     1
Armor: Ring mail         |     8 |       |       |       |       |       |       ||     8
       Chain mail        |    34 |    67 |    70 |   125 |       |       |       ||   296
       Plate armour      |       |       |       |    61 |   354 |   485 |     2 ||   902
Dodge: Dodged            |    45 |    72 |    43 |   159 |   272 |   231 |     3 ||   825
Block: Shield            |       |       |    24 |    71 |       |       |       ||    95

Table legend:
 A = Spawn XP
 B = Non-spawn XP
 C = Spawn XP percentage of total XP
 D = Spawn monster count
 E = Non-spawn monster count
 F = Spawn count percentage of total count
 G = Total turns spent on level
                    A         B        C        D         E        F      G
               +---------+---------+-------+---------+---------+-------+---------
         Total |       0 |  313007 |   0.0 |       0 |    1133 |   0.0 | 37941
               +---------+---------+-------+---------+---------+-------+---------
           D:1 |       0 |      34 |   0.0 |       0 |      20 |   0.0 |   588
           D:2 |       0 |      34 |   0.0 |       0 |      11 |   0.0 |   701
           D:3 |       0 |      52 |   0.0 |       0 |      21 |   0.0 |   646
           D:4 |       0 |     362 |   0.0 |       0 |      22 |   0.0 |  1318
           D:5 |       0 |    1559 |   0.0 |       0 |      27 |   0.0 |  1376
           D:6 |       0 |    1328 |   0.0 |       0 |      23 |   0.0 |   890
           D:7 |       0 |    2252 |   0.0 |       0 |      29 |   0.0 |   788
           D:8 |       0 |    2548 |   0.0 |       0 |      28 |   0.0 |   815
           D:9 |       0 |    3213 |   0.0 |       0 |      32 |   0.0 |  1206
          D:10 |       0 |    4361 |   0.0 |       0 |      24 |   0.0 |  1998
          D:11 |       0 |    7266 |   0.0 |       0 |      44 |   0.0 |  1505
          D:12 |       0 |    4723 |   0.0 |       0 |      20 |   0.0 |  1344
          D:13 |       0 |    9097 |   0.0 |       0 |      31 |   0.0 |  1266
          D:14 |       0 |    6860 |   0.0 |       0 |      20 |   0.0 |   606
          D:15 |       0 |   16497 |   0.0 |       0 |      34 |   0.0 |  1820
        Lair:1 |       0 |    6712 |   0.0 |       0 |      31 |   0.0 |  1154
        Lair:2 |       0 |    7239 |   0.0 |       0 |      28 |   0.0 |  1207
        Lair:3 |       0 |    6507 |   0.0 |       0 |      22 |   0.0 |   851
        Lair:4 |       0 |    5389 |   0.0 |       0 |      23 |   0.0 |  1381
        Lair:5 |       0 |    8357 |   0.0 |       0 |      30 |   0.0 |  1043
        Lair:6 |       0 |   40763 |   0.0 |       0 |     149 |   0.0 |  2217
       Swamp:1 |       0 |    6710 |   0.0 |       0 |      18 |   0.0 |   884
       Swamp:2 |       0 |   14782 |   0.0 |       0 |      39 |   0.0 |  1017
       Swamp:3 |       0 |   18021 |   0.0 |       0 |      39 |   0.0 |  1221
       Swamp:4 |       0 |   24310 |   0.0 |       0 |      48 |   0.0 |  1583
         Orc:1 |       0 |    2051 |   0.0 |       0 |      33 |   0.0 |   393
         Orc:2 |       0 |    8855 |   0.0 |       0 |      61 |   0.0 |  1340
         Elf:1 |       0 |   31615 |   0.0 |       0 |      48 |   0.0 |  1441
         Elf:2 |       0 |   30630 |   0.0 |       0 |      42 |   0.0 |  1357
         Elf:3 |       0 |   28858 |   0.0 |       0 |      29 |   0.0 |   953
         Sewer |       0 |     112 |   0.0 |       0 |      10 |   0.0 |   329
        Bailey |       0 |    1910 |   0.0 |       0 |      37 |   0.0 |  1331
         IceCv |       0 |   10000 |   0.0 |       0 |      60 |   0.0 |  1372
               +---------+---------+-------+---------+---------+-------+---------
